Frizzbo, neutral female gnomish Wizard -----------# |.#.......+##### -------- |.........|# # |......| ----------- |.........|# ##.......| |.*f!!..%!| *###..........|# |......| |.!mG!**[!| -.----.----######.......| |.[(..+..*| # ###### --.----- #-@)(+*.[!!| ### ## # ###|.%(%%%%)[| # #### # # ----------- #######`## ### ### --------.--.-# # # |...........|#[######### # ##....>.......| --.-.-# # |...........| |...<|# ######## ------------- |.....# |....| ------ Frizzbo the Evoker Experience level: 2 Strength: 13 Dexterity: 11 Constitution: 15 Intelligence: 19 Wisdom: 10 Charisma: 8 Health: 0(17) Energy: 17(17) Def: 2 Gold: 247 Moves: 1017 Dungeon seed: XXA6kDYCFuDXO2va Game ID: Frizzbo_1466608815 Your Inventory: Coins $ - 247 gold pieces Weapons a - a blessed +1 quarterstaff (weapon in hands) Armor e - a blessed +1 cloak of magic resistance (being worn) Comestibles m - an uncursed food ration p - an uncursed lichen corpse Scrolls i - 2 uncursed scrolls of identify Spellbooks k - a blessed spellbook of force bolt l - an uncursed spellbook of cure sickness Potions f - a blessed potion of fruit juice g - an uncursed potion of sleeping h - a potion of holy water Rings c - an uncursed ring of invisibility d - a cursed ring of polymorph Wands b - an uncursed wand of undead turning (0:6) o - a cursed wand of undead turning (0:7) Gems n - a cursed loadstone q - an uncursed worthless piece of green glass Spells and supernatural/magical abilities: Name Level Category Fail Memory a - force bolt 1 attack 0% 95% K - cure sickness 3 healing 85% 95% W - pray for help -- divine ? -- Your skills at the end: Fighting Skills Weapon Skills quarterstaff [Basic] Spellcasting Skills attack spells [Basic] enchantment spells [Basic] Final Attributes: You were aligned. You were magic-protected. You had infravision. You were unlucky. Thoth was angry with you. You are dead. Vanquished creatures: 4 jackals 2 foxes 2 goblins 4 grid bugs 3 lichens a kobold zombie 6 newts 22 creatures vanquished. Voluntary challenges: You used a wielded weapon 15 times, starting on turn 20. You read items or engraved 1 time, starting on turn 1. You never genocided any monsters. You never polymorphed an object. You never changed form. You used no wishes. You never split a pudding. You never wrote Elbereth's name. You never violated your personal moral code. Dungeon overview: The Dungeons of Doom: levels 1 to 2 Level 1 some altars to Ptah a long staircase Level 2 <- You were here a general store, a sink History has recorded: On T:1 you entered the Dungeons of Doom to retrieve the Amulet of Yendor! On T:637 you reached level 2 of The Dungeons of Doom. On T:913 you advanced to experience level 2. Score breakdown: Gold: 247 ( 8145 points) Experience: 2 levels ( 5570 points) Exploration: 2 levels ( 4.00%) ( 4285 points) Discoveries: 0 items ( 0.00%) ( 0 points) Valuables value: (no points given unless you survive) Artifact value: 0 ( 0 points) Variety of kills: 7 monsters ( 1.84%) ( 4066 points) Turncount: 1017 turns ( 0 points) Survival: died (score multiplied by 80%) Total score: 17652 Latest messages: You see here a cyan potion (266 zorkmids). Taco picks up a gem. Wait! That's a small mimic! You miss the small mimic. You hit the small mimic. Taco drops a gem. Taco picks up a gem. You miss the small mimic. You hit the small mimic. Taco drops a gem. You see here a cyan potion (266 zorkmids). You hear a gurgling noise. You miss the small mimic. Taco picks up 2 sprigs of wolfsbane. You miss the small mimic. (2x) Taco drops 2 sprigs of wolfsbane. You miss the small mimic. The small mimic hits! You hit the small mimic! Taco picks up a potion. You hit the small mimic. Taco drops a potion. You hit the small mimic. The small mimic hits! You die... Angmagssalik gratefully inherits all your possessions. Final status: Goodbye Frizzbo the Wizard, killed by a small mimic... You died in The Dungeons of Doom on dungeon level 2 with 17652 points, and 247 pieces of gold, after 1017 moves. You were level 2 with a maximum of 17 hit points when you died.